 Dungeon Crawl Stone Soup version 0.27.0-1-g7a089689b8 (webtiles) character file.

Game seed: 16503911811756113220

71 SnakkuSnakku7 the Sneak (level 4, -4/32 HPs)
             Began as a Vampire Hedge Wizard on Aug 13, 2021.
             Slain by a scorpion (6 damage)
             ... on level 5 of the Dungeon.
             The game lasted 00:02:54 (2198 turns).

SnakkuSnakku7 the Sneak (Vampire Hedge Wizard)      Turns: 2198, Time: 00:02:55

Health: -4/32      AC:  3    Str: 10    XL:     4   Next: 5%
Magic:  17/17      EV: 12    Int: 16    God:
Gold:   94         SH:  0    Dex: 13    Spells: 8/9 levels left

rFire    . . .     SeeInvis +   a - +2 dagger (vamp)
rCold    . . .     Faith    .   (no shield)
rNeg     . . .     Spirit   .   b - +0 robe
rPois    .         Reflect  .   c - +0 hat
rElec    .         Harm     .   k - +0 cloak
rCorr    +         Rampage  .   (no gloves)
Will     .....                  (no boots)
Stlth    ++........             (no amulet)
HPRegen  0.30/turn              f - ring of magical power
MPRegen  0.15/turn              n - ring of resist corrosion

@: brilliant, lethally poisoned (-4 -> -12), healing quickly
A: alive, fangs 3, see invisible, vampiric 2
a: Exsanguinate


You were on level 5 of the Dungeon.
You visited 1 branch of the dungeon, and saw 4 of its levels.

You collected 94 gold pieces.

Inventory:

Hand Weapons
 a - a +2 vampiric dagger (weapon)
 l - a +0 short sword
 o - a +0 dagger
Missiles
 i - 46 poisoned darts (quivered)
Armour
 b - a +0 robe (worn)
 c - a +0 hat (worn)
 k - a +0 cloak (worn)
Jewellery
 f - a ring of magical power (left hand)
 n - a ring of resist corrosion (right hand)
 p - a ring of positive energy
 s - a ring of willpower
Scrolls
 e - 7 scrolls of identify {unknown}
 j - a scroll of acquirement {unknown}
 m - a scroll of teleportation {unknown}
 q - a scroll of amnesia {unknown}
Potions
 d - 2 potions of brilliance
 g - 2 potions of ambrosia {unknown}
 h - 2 potions of heal wounds {unknown}
 r - a potion of curing {unknown}


   Skills:
 - Level 1.5 Fighting
 + Level 2.5 Throwing
 - Level 2.1 Dodging
 - Level 3.0 Stealth
 - Level 3.0 Spellcasting
 - Level 0.6 Conjurations
 - Level 1.0 Summonings
 - Level 0.7 Translocations


You had 8 spell levels left.
You knew the following spells:

 Your Spells              Type           Power      Damage    Failure   Level
a - Magic Dart            Conj           24%        1d4       14%         1

Your spell library contained the following spells:

 Spells                   Type           Power      Damage    Failure   Level
 Call Imp                 Summ           8%         N/A       19%         2
 Blink                    Tloc           N/A        N/A       22%         2
 Corpse Rot               Necr/Air       N/A        N/A       28%         2
 Poisonous Vapours        Pois/Air       6%         N/A       28%         2
 Slow                     Hex            3%         N/A       28%         2
 Conjure Flame            Conj/Fire      5%         6-21      45%         3
 Mephitic Cloud           Conj/Pois/Air  4%         N/A       45%         3
 Freezing Cloud           Conj/Ice/Air   2%         6-21      99%         5


Dungeon Overview and Level Annotations

Branches:
Dungeon (3/15)

Altars:
Fedhas
Makhleb


Innate Abilities, Weirdness & Mutations

Your natural rate of healing is accelerated.
You have razor-sharp teeth.
You have supernaturally acute eyesight. (SInv)
You are afflicted with vampirism and can become a bat while bloodless.


Message History

Throw: 50 darts (poison)
Press: ? - help, Q - select action, (/) - cycle Shift-Dir - straight line, f/p - scorpion
Aim: a scorpion (57% to hit)
You throw a poisoned dart.
The poisoned dart barely misses the scorpion.
Unknown command.
Throw: 49 darts (poison)
Press: ? - help, Q - select action, (/) - cycle Shift-Dir - straight line, f/p - scorpion
Aim: a scorpion (57% to hit)
You throw a poisoned dart.
The poisoned dart closely misses the scorpion.
The scorpion stings you.
Throw: 48 darts (poison)
Press: ? - help, Q - select action, (/) - cycle Shift-Dir - straight line, f/p - scorpion
Aim: a scorpion (57% to hit)
You throw a poisoned dart. The poisoned dart hits the scorpion.
The scorpion is poisoned.
The scorpion stings you.
Throw: 47 darts (poison)
Press: ? - help, Q - select action, (/) - cycle Shift-Dir - straight line, f/p - scorpion
Aim: a scorpion (lightly wounded, poisoned, 57% to hit)
You throw a poisoned dart. The poisoned dart hits the scorpion.
The scorpion looks even sicker.
The scorpion is lightly wounded.
The scorpion stings you!
You are poisoned.
The scorpion poisons you!
You feel sick. The scorpion stings you.
You are lethally poisoned!
The scorpion poisons you!
* * * LOW HITPOINT WARNING * * *
You feel very sick.
There is an open door here.
* * * LOW HITPOINT WARNING * * *
You feel very sick.
It was a potion of brilliance.
You feel clever all of a sudden.
* * * LOW HITPOINT WARNING * * *
You feel sick. The scorpion stings you.
You die...

#.....##... #.......##
#####......#
#.........##
......##.#..#
+########..##.....#.##
#...§...# #.##....#
#._.≈._.#####..#....#
#...≈..@#...#.....^.#
########s.(..<....###
.........#.......#
###......#......##
#..............#
#...####<.(#....# ##..
#.###....# #. ...#
#....# #. ....( #....#


You could see a scorpion (very poisoned).

Vanquished Creatures
  2 adders (D:2)
  A worm (D:2)
  2 ball pythons
  2 bats
  6 endoplasms
  2 giant cockroaches
  4 goblins
  4 hobgoblins
  7 jackals (D:1)
  6 kobolds
  3 frilled lizards
  7 rats
46 creatures vanquished.

Notes
Turn   | Place    | Note
-------+----------+-------------------------------------------
     0 | D:1      | SnakkuSnakku7 the Vampire Hedge Wizard began the quest for
                  | the Orb.
     0 | D:1      | Reached XP level 1. HP: 13/13 MP: 4/4
   225 | D:1      | Reached skill level 1 in Fighting
   459 | D:1      | Reached XP level 2. HP: 21/21 MP: 6/6
   655 | D:1      | Reached skill level 1 in Throwing
   693 | D:1      | Found a faded altar of an unknown god.
  1137 | D:2      | Gained mutation: You are afflicted with vampirism and can
                  | become a bat while bloodless. [Vampire growth]
  1137 | D:2      | Reached XP level 3. HP: 22/26 MP: 7/7
  2111 | D:3      | Reached XP level 4. HP: 32/32 MP: 8/8
  2168 | D:3      | You fall into a shaft and drop 2 floors!
  2168 | D:5      | Entered Level 5 of the Dungeon
  2185 | D:5      | Found a burning altar of Makhleb.
  2185 | D:5      | Found a blossoming altar of Fedhas.
  2185 | D:5      | Noticed a scorpion
  2198 | D:5      | Slain by a scorpion

Illustrated notes

Levels and vault maps discovered:
D:1:      nagdon_arrival_double_spiral, layout_loops_ring,
          ebering_ecumenical_altar_abandoned
D:2:      layout_basic
D:3:      layout_basic
D:5:      cheibrodos_two_vegetables, layout_cave_pools,
          nemelex_diamond_rough_becter, mainiacjoe_overflow_divided_tiny,
          minmay_temple_entry_overgrown, uniq_grinder

Skill      XL: |  1  2  3 |
---------------+----------+-----
Fighting       | 1 |  1.5
Throwing       | 1 2 |  2.5
Dodging        | |  2.1
Stealth        | |  3.0
Spellcasting   | |  3.0
Conjurations   | |  0.6
Summonings     | |  1.0
Translocations | |  0.7

Action                   |  1- 3 |  4- 6 || total
-------------------------+-------+-------++-------
Melee: Dagger            |   161 |     6 ||   167
       Bite              |    24 |       ||    24
       Short sword       |    19 |       ||    19
Throw: Dart              |    18 |     6 ||    24
 Cast: Magic Dart        |     6 |       ||     6
  Use: Potion            |       |     1 ||     1
 Stab: Sleeping          |    10 |     2 ||    12
Armor: Robe              |    36 |     1 ||    37
Dodge: Dodged            |   114 |     3 ||   117
